 Dungeon Crawl Stone Soup version 0.19-a0-559-ga3d69d0 (webtiles) character file.

559 namelastname112 the Scratcher (level 7, -13/33 HPs)
             Began as a Felid Wanderer on June 8, 2016.
             Was a Follower of Uskayaw.
             Mangled by an orc warrior
             ... wielding a +0 short sword
              (15 damage)
             ... on level 6 of the Dungeon.
             The game lasted 00:08:59 (5710 turns).

namelastname112 the Scratcher (Felid Wanderer)      Turns: 5710, Time: 00:09:00

Health: -13/33     AC:  3    Str:  5 (7)  XL:     7   Next: 9%
Magic:  10/10      EV: 20    Int: 12 (13) God:    Uskayaw [*.....]
Gold:   214        SH:  0    Dex: 14 (17) Spells: 0 memorised, 6 levels left
                                        Lives:  0   Deaths: 2

rFire  + + .     SeeInvis +       - Unarmed
rCold  + + .     Gourm    .     (armour unavailable)
rNeg   . . .     Faith    .     (shield unavailable)
rPois  +         Spirit   .     (helmet unavailable)
rElec  +         Dismiss  .     (cloak unavailable)
rCorr  +         Reflect  .     (gloves unavailable)
SustAt .         Harm     .     (boots unavailable)
MR     +....                    (no amulet)
Stlth  ++++......               j - ring of protection from cold
                                n - ring of protection from fire

@: resistant, slowed, slow, somewhat resistant to hostile enchantments, stealthy
A: no armour, no weapons or thrown items, claws 1, fangs 3, molten scales 1, see
invisible, carnivore 3, speed 1, shaggy fur 2, slow metabolism 1, weak 1, sharp
paws
a: Stomp, Renounce Religion


You were on level 6 of the Dungeon.
You worshipped Uskayaw.
Uskayaw was aware of your devotion.
You were completely stuffed.

You visited 2 branches of the dungeon, and saw 7 of its levels.

You collected 214 gold pieces.

Inventory:

Jewellery
 j - a ring of protection from cold (right paw)
 n - a ring of protection from fire (left paw)
Wands
 l - a wand of slowing (27/48)
Scrolls
 c - 3 scrolls of teleportation
 e - a scroll of fog {unknown}
 g - 5 scrolls of identify {unknown}
 h - 4 scrolls of remove curse {unknown}
 i - a scroll of fear {unknown}
 k - 2 scrolls of blinking {unknown}
 m - 3 scrolls of recharging {unknown}
 p - a scroll of brand weapon {unknown}
 r - 3 scrolls of enchant armour {unknown}
Potions
 a - 3 potions of haste
 b - a potion of lignification
 u - a potion of berserk rage
Comestibles
 d - 2 meat rations
 f - a beef jerky
 s - 6 chunks of flesh


   Skills:
 + Level 5.6 Fighting
 + Level 5.0 Dodging
 + Level 5.4 Stealth
 * Level 6.0 Unarmed Combat
 * Level 3.2 Invocations


You had 6 spell levels left.
You didn't know any spells.

Dungeon Overview and Level Annotations

Branches:
Dungeon (6/15)             Temple (1/1) D:4

Altars:
Cheibriados
Nemelex Xobeh
Pakellas
Ru
Sif Muna
Trog
Uskayaw
Xom
Yredelemnul
Zin

Shops:
D:6 ?

Annotations:
D:3 namelastname112's ghost, amateur FeWn


Innate Abilities, Weirdness & Mutations

You cannot wear armour.
You are incapable of wielding weapons or throwing items.
You have sharp claws.
You have razor-sharp teeth.
You have supernaturally acute eyesight. (SInv)
You are carnivorous and can eat meat at any time.
You cover ground quickly.
You are covered in thick fur. (AC +2)
You have a slow metabolism.
Your sharp claws are effective at attacking unaware monsters.
You are partially covered in molten scales. (AC +1)
You are weak. (Str -2)


Message History

It was a potion of degeneration.
There was something very wrong with that liquid.
You feel weakened.
You feel dopey.
You feel clumsy. The giant gecko skeleton misses you.
The orc wizard gestures at you while chanting.
The magic dart hits you!
* * * LOW HITPOINT WARNING * * *
The giant gecko skeleton completely misses you.
You take 6 damage, and have 1/33 hp.
It was a potion of mutation.
You feel extremely strange.
Molten scales grow over part of your body.
You feel weaker.
The giant gecko skeleton bites you but does no damage.
The orc wizard mumbles some strange words.
The orc wizard blinks!
It was a potion of resistance.
You feel protected. The giant gecko skeleton misses you.
The orc warrior hits you with a short sword!
You die...

#.# .. #.###. .....
..##### #....
.....#### ....<..
#..## ........#
....... #...#
........# .......
....# .......o#
....... ###.#
#......# .......
#...#
#.....5##Z......
#.### #.#.....lo@.#
#.# #.#..)..§####
#.#### .......!.#
.....####.......###
#.......#.........#
.....##.#......##.##
.#...##.#......#....
........#........####
.......##.#.≈.≈..#


You could see an orc warrior, a shadow imp, a giant newt and a giant gecko
skeleton.

Vanquished Creatures
  An ogre (D:4)
  A necrophage (D:6)
  A centaur (D:6)
  2 vampire bats (D:4)
  3 crimson imps (D:6)
  2 orc priests
  A hound (D:4)
  2 orc wizards (D:6)
  Jessica (D:2)
  2 worker ants (D:4)
  Terence (D:3)
  A howler monkey zombie (D:6)
  Robin (D:2)
  11 adders
  A howler monkey skeleton (D:6)
  3 river rats (D:4)
  An ooze (D:2)
  A worm (D:3)
  A dart slug (D:4)
  6 giant geckos
  12 orcs
  7 giant cockroaches
  15 goblins
  9 hobgoblins
  4 jackals (D:6)
  A quokka (D:5)
  3 ball pythons
  11 bats
  4 giant newts
  6 kobolds
  3 rats
118 creatures vanquished.

Notes
Turn   | Place    | Note
--------------------------------------------------------------
     0 | D:1      | namelastname112 the Felid Wanderer began the quest for the Orb.
     0 | D:1      | namelastname112 set off with: a potion of haste, a potion of lignification, a scroll of teleportation, a meat ration
     0 | D:1      | Reached XP level 1. HP: 11/11 MP: 2/2
   372 | D:1      | Reached XP level 2. HP: 14/15 MP: 3/3
   696 | D:2      | Found a snail-covered altar of Cheibriados.
   703 | D:2      | Reached XP level 3. HP: 18/18 MP: 4/4
  1085 | D:2      | jacquesderrida: SRANY BY A SPERG WASP
  1112 | D:2      | jacquesderrida: EX
  1147 | D:2      | jacquesderrida: EX NAMIR
  1147 | D:2      | Reached XP level 4. HP: 21/22 MP: 5/5
  1216 | D:2      | Reached skill level 4 in Unarmed Combat
  1554 | D:2      | Found a sparkling altar of Nemelex Xobeh.
  1580 | D:2      | Noticed Jessica
  1588 | D:2      | Killed Jessica
  1609 | D:2      | Reached XP level 5. HP: 25/25 MP: 6/6
  1769 | D:3      | Noticed Robin
  2089 | D:2      | Killed Robin
  2135 | D:3      | Noticed namelastname112's ghost (amateur FeWn)
  2511 | D:3      | Found a glowing silver altar of Zin.
  2514 | D:3      | Found a bloodstained altar of Trog.
  2520 | D:3      | Found an oddly glowing altar of Pakellas.
  2750 | D:4      | HP: 1/25 [poisoned by an adder]
  2755 | D:4      | Succumbed to an adder's poison
  2756 | D:4      | Reached XP level 4. HP: 0/33 MP: 5/5
  2804 | D:5      | Entered Level 5 of the Dungeon
  2815 | D:5      | Found a basalt altar of Yredelemnul.
  2826 | D:5      | xeno23: эта котоболь
  2827 | D:5      | Found a shimmering altar of Xom.
  3160 | D:5      | Noticed an orc warrior
  3176 | D:4      | Reached skill level 5 in Fighting
  3176 | D:4      | Reached XP level 5. HP: 26/26 MP: 6/6
  3209 | D:4      | Reached skill level 5 in Unarmed Combat
  3267 | D:4      | Found a staircase to the Ecumenical Temple.
  3276 | Temple   | Entered the Ecumenical Temple
  3282 | Temple   | Became a worshipper of Uskayaw the Reveler
  3479 | D:4      | Reached * piety under Uskayaw
  3483 | D:4      | Reached ** piety under Uskayaw
  3665 | D:4      | Found a sacrificial altar of Ru.
  3858 | D:4      | Gained mutation: You are covered in thick fur. (AC +2) [Felid growth]
  3858 | D:4      | Reached XP level 6. HP: 25/30 MP: 7/7
  3859 | D:4      | Reached *** piety under Uskayaw
  3927 | D:4      | crauler: я жду пчел
  3929 | D:4      | Reached skill level 1 in Invocations
  4126 | D:4      | crauler: яд, нормальная атака, смайт, спид
  4285 | D:4      | crauler: идеальный набор котоболи
  4969 | D:3      | Noticed Terence
  4981 | D:3      | Killed Terence
  5091 | D:3      | You fall through a shaft for 3 floors!
  5091 | D:6      | Found Jissuin's Magic Scroll Shoppe.
  5332 | D:6      | HP: 1/45 [jackal (2)]
  5333 | D:6      | Reached skill level 5 in Stealth
  5333 | D:6      | Reached XP level 7. HP: 1/33 MP: 4/9
  5333 | D:6      | Slain by a jackal
  5334 | D:6      | Reached XP level 6. HP: -2/45 MP: 4/8
  5351 | D:6      | jacquesderrida: VYEBLI
  5408 | D:6      | kirsanium: народ
  5530 | D:6      | kirsanium: а у меня в тумбе 2 лестницы вниз нет
  5586 | D:6      | kirsanium: ЧЯДНТ
  5586 | D:6      | jacquesderrida: КУРСАНТИК
  5586 | D:6      | kirsanium: ??
  5600 | D:6      | Reached **** piety under Uskayaw
  5647 | D:6      | jacquesderrida: Нужно вытусать
  5647 | D:6      | namelastname112: лол
  5647 | D:6      | jacquesderrida: Камня там дохуя!!
  5647 | D:6      | namelastname112: иди по второй лестнице
  5647 | D:6      | jacquesderrida: IMP LORD
  5647 | D:6      | namelastname112: наверх
  5674 | D:6      | kirsanium: о
  5674 | D:6      | jacquesderrida: СЧАС ЗАРЕЖЕТ
  5682 | D:6      | Reached skill level 5 in Dodging
  5682 | D:6      | Reached skill level 6 in Unarmed Combat
  5682 | D:6      | Reached XP level 7. HP: 27/33 MP: 10/10
  5685 | D:6      | kirsanium: понял
  5700 | D:6      | kirsanium: спасибо
  5708 | D:6      | HP: 1/33 [orc wizard/magic dart (6)]
  5709 | D:6      | Gained mutation: You are partially covered in molten scales. (AC +1) [potion of mutation]
  5709 | D:6      | Gained mutation: You are weak. (Str -2) [potion of mutation]
  5710 | D:6      | jacquesderrida: ебат
  5710 | D:6      | Mangled by an orc warrior

Vault maps used:
D:1:      evilmike_arrival_crescent, nrook_mini_backslash
D:2:      cheibriados_altar_1, lemuel_doored_altar, grunt_ministairs_1,
          uniq_jessica
D:3:      grunt_temple_overflow_diamond, uniq_terence, uniq_robin
D:4:      old_standard_altar, temple_hall, gup_sewer_entry_spiral, first_bread,
          roderic_batcave
D:5:      lemuel_round_altar, xom_teletrap_fun
D:6:      serial_shops, shop, corexii_leaking_fountain
Temple:   water_room_temple_a_12

Skill      XL: |  1  2  3  4  5  6 |
---------------+-------------------+-----
Dodging        | 2 3 4 5 |  5.0
Stealth        | 3 4 5 |  5.4
Unarmed Combat | 4 5 6 |  6.0
Fighting       | 5 |  5.6
Invocations    | 3 |  3.2

Action                   |  1- 3 |  4- 6 |  7- 9 || total
-------------------------+-------+-------+-------++-------
Melee: Unarmed           |    74 |   306 |     7 ||   387
       Punch             |     1 |     6 |       ||     7
       Bite              |     8 |    32 |     1 ||    41
Invok: Line Pass         |       |     2 |       ||     2
       Stomp             |       |     1 |       ||     1
  Use: Potion            |       |     4 |     3 ||     7
 Stab: Sleeping          |     5 |    13 |     1 ||    19
       Paralysed         |       |     5 |       ||     5
       Distracted        |       |     1 |       ||     1
  Eat: Chunk             |     8 |    18 |       ||    26
Armor: Skin              |     2 |    10 |     1 ||    13
Dodge: Dodged            |    50 |   294 |    11 ||   355
